 Dungeon Crawl Stone Soup version 0.19-a0-450-g98b348d (webtiles) character file.

135 Duffy the Caller (level 4, 34/34 HPs)
             Began as a Demonspawn Summoner on June 1, 2016.
             Quit the game on level 3 of the Dungeon.
             The game lasted 00:04:48 (5476 turns).

Duffy the Caller (Demonspawn Summoner)              Turns: 5476, Time: 00:04:49

Health: 34/34      AC:  2    Str:  9    XL:     4   Next: 97%
Magic:  7/7        EV: 12    Int: 16    God:
Gold:   113        SH:  0    Dex: 14    Spells: 3 memorised, 1 level left

rFire  . . .     SeeInvis +     k - +0 dagger
rCold  . . .     Gourm    .     a - +0 robe
rNeg   . . .     Faith    .     (no shield)
rPois  .         Spirit   .     (no helmet)
rElec  .         Dismiss  .     (no cloak)
rCorr  .         Reflect  .     (no gloves)
SustAt .         Harm     .     (no boots)
MR     .....                    (no amulet)
Stlth  ++........               (no ring)
                                q - ring of see invisible

@: not resistant to hostile enchantments, unstealthy
A: rot immunity, sanguine armour 2
a: no special abilities


You were on level 3 of the Dungeon.
You were not hungry.

You visited 1 branch of the dungeon, and saw 3 of its levels.

You collected 113 gold pieces.


Innate Abilities, Weirdness & Mutations

You are immune to rotting.
When seriously injured, your bleeding wounds create thick armour. (AC +0)


   Skills:
 + Level 2.8 Fighting
 - Level 1.7 Dodging
 - Level 1.7 Stealth
 - Level 2.0 Spellcasting
 + Level 5.5 Summonings


You had one spell level left.
You knew the following spells:

 Your Spells              Type           Power        Failure   Level  Hunger
a - Summon Small Mammal   Summ           ###.         1%          1    #......
i - Call Imp              Summ           ###.....     3%          2    ###....
n - Call Canine Familiar  Summ           ###.....     8%          3    ###....

Inventory:

Hand Weapons
 k - a +0 dagger (weapon)
 o - a +0 hand axe of flaming
Armour
 a - a +0 robe (worn)
Jewellery
 q - a ring of see invisible (left hand)
Wands
 s - a wand of flame (19/48)
Scrolls
 d - 2 scrolls of remove curse {unknown}
 e - a scroll of amnesia {unknown}
 h - a scroll of immolation {unknown}
 i - 6 scrolls of identify {unknown}
 l - a scroll of teleportation {unknown}
 m - a scroll of enchant weapon {unknown}
 p - a scroll of magic mapping {unknown}
Potions
 f - 2 potions of degeneration {unknown}
 j - a potion of curing {unknown}
 n - a potion of brilliance {unknown}
 u - a potion of might {unknown}
Books
 b - a book of Callings
Comestibles
 c - 3 bread rations
 g - 5 meat rations
 r - 2 chunks of flesh
 t - a slice of pizza

Dungeon Overview and Level Annotations

Branches:
Dungeon (3/15)

Altars:
Nemelex Xobeh
Yredelemnul


Message History

Jessica is severely wounded.
Jessica closely misses you.
You hit Jessica.
Jessica is almost dead.
Your blood armour dries and flakes away.
You hit Jessica but do no damage.
Jessica is almost dead.
Jessica hits you with a club.
Your blood congeals into armour.
You closely miss Jessica.
Jessica is almost dead.
Jessica barely misses you.
You hit Jessica but do no damage.
Jessica is almost dead.
Jessica casts a spell.
Jessica seems to speed up.
You closely miss Jessica.
Jessica is almost dead.
Jessica mumbles some strange words.
Jessica blinks!
Jessica gestures wildly while chanting.
Jessica blinks!
Jessica gestures wildly.
You hit Jessica.
You kill Jessica!
No target in view!
No target in view!
No target in view!
No target in view!
No target in view!
No target in view!
No target in view!
No target in view!
No target in view!
No target in view!
No target in view!
No target in view!
No target in view!
Things that are here:
a club; a robe; the human corpse of Jessica You butcher the human corpse of Jessica.
r - 3 chunks of flesh
Things that are here:
a club; a robe Eating one of 3 chunks of flesh.
This raw flesh tastes terrible.
You continue eating. x2
Your blood armour dries and flakes away.
u - an orange potion A giant cockroach comes into view.
A giant cockroach is nearby!
Are you sure you want to abandon this character and quit the game? (Confirm with "yes".)

# ##..###.## #
#......# ### #
#.###### #.. # ##'##
#.# # ##%.)## #.# #
##.....## #.#
###.......## ##.##
##.........####...##
.+.........+....@.s#
##.........#.##....#
##.......##.##....#
##.....###.##.#..#
##...## #.##....#
##'## #.###.#.# #.#
#.###.#.# #.#
##.......# ##.##
#......###


You could see a giant cockroach (sleeping).

Action                   |  1- 3 |  4- 6 || total
-------------------------+-------+-------++-------
Melee: Dagger            |   254 |   101 ||   355
 Cast: Summon Small Mamm |    20 |       ||    20
       Call Imp          |     3 |       ||     3
       Call Canine Famil |     5 |     5 ||    10
 Stab: Sleeping          |     3 |     2 ||     5
       Distracted        |     1 |       ||     1
  Eat: Chunk             |    10 |     5 ||    15
       Beef jerky        |     1 |       ||     1
Armor: Robe              |    74 |    49 ||   123
Dodge: Dodged            |   197 |    62 ||   259

Notes
Turn   | Place    | Note
--------------------------------------------------------------
     0 | D:1      | Duffy the Demonspawn Summoner began the quest for the Orb.
     0 | D:1      | Reached XP level 1. HP: 13/13 MP: 3/3
   365 | D:1      | Reached skill level 1 in Fighting
   620 | D:1      | Gained mutation: When seriously injured, your bleeding wounds create armour. (AC +0) [demonic ancestry]
   620 | D:1      | Reached XP level 2. HP: 7/21 MP: 0/5
  1648 | D:1      | Learned a level 2 spell: Call Imp
  2659 | D:2      | Gained mutation: When seriously injured, your bleeding wounds create thick armour. (AC +0) [demonic ancestry]
  2659 | D:2      | Reached XP level 3. HP: 26/26 MP: 6/6
  3342 | D:2      | Learned a level 3 spell: Call Canine Familiar
  3579 | D:2      | Found a basalt altar of Yredelemnul.
  3673 | D:2      | Reached skill level 5 in Summonings
  4220 | D:3      | Reached skill level 2 in Fighting
  4514 | D:3      | Gained mutation: You are immune to rotting. [demonic ancestry]
  4514 | D:3      | Reached XP level 4. HP: 24/33 MP: 1/7
  4616 | D:3      | Found a sparkling altar of Nemelex Xobeh.
  4681 | D:3      | Noticed Terence
  4700 | D:3      | Killed Terence
  5315 | D:3      | Noticed Jessica
  5340 | D:3      | Killed Jessica
  5476 | D:3      | Quit the game

Skill      XL: |  1  2  3 |
---------------+----------+-----
Fighting       | 1 2 |  2.8
Summonings     | 5 |  5.5
Dodging        | |  1.7
Stealth        | |  1.7
Spellcasting   | |  2.0

Vault maps used:
D:1:      dpeg_arrival_ternary, solitary_fountain
D:2:      old_standard_altar, minmay_misc_feat_rows
D:3:      nemelex_xobeh_ov_fountains_minmay, gup_sewer_entry_bubbles,
          uniq_jessica, uniq_terence

Vanquished Creatures
  Terence Jessica
  3 adders
  3 worms
  4 dart slugs
  2 giant geckos
  An orc
  5 giant cockroaches
  9 hobgoblins
  7 kobolds
  A quokka
  6 bats
  A giant gecko skeleton
  3 giant newts
  10 goblins
  7 rats
64 creatures vanquished.
